TOP OF THE 1ST |
New Hampshire Fisher Cats batting - Pitching for Gainesville Guidos : LHP Dave Blackwell
|
Pitching: LHP Dave Blackwell
|
|
Batting: LHB Tony Rivera
|
0-0: Hit by Pitch
|
Batting: RHB Michael Kent
|
0-0: Ball 1-0: Ball 2-0: Called Strike 2-1: Ball 3-1: Called Strike 3-2: Foul Ball, location: 2F 3-2: Foul Ball, location: 2F 3-2: Foul Ball, location: 2F 3-2: Foul Ball, location: 2F 3-2: SINGLE (Line Drive, 56) Tony Rivera to second Tony Rivera to third
|
Batting: RHB Felipe Rivas
|
0-0: Ball 1-0: Grounds into double play, U4-3 (Groundball, 4M) Tony Rivera scores
|
Batting: RHB Si-xun Li
|
0-0: Foul Ball, location: 2F 0-1: Swinging Strike 0-2: Fly out, F8 (Flyball, 8RS)
|
Top of the 1st over - 1 run(s), 1 hit(s), 0 error(s), 0 left on base; New Hampshire 1 - Gainesville 0 |
BOTTOM OF THE 1ST |
Gainesville Guidos batting - Pitching for New Hampshire Fisher Cats : LHP Paul Adams
|
Pitching: LHP Paul Adams
|
|
Batting: RHB Kyle O'Day
|
0-0: Called Strike 0-1: Ball 1-1: Ground out U3 (Groundball, 3L)
|
Batting: RHB John Little
|
0-0: Ball 1-0: Called Strike 1-1: Foul Ball, location: 2F 1-2: Ball 2-2: Foul Ball, location: 2F 2-2: Foul Ball, location: 2F 2-2: Ball 3-2: Foul Ball, location: 2F 3-2: SINGLE (Line Drive, 8LS)
|
Batting: LHB Ed Murray
|
0-0: Ground out 4-3 (Groundball, 4M) John Little to second
|
Batting: LHB Mark Owens
|
0-0: Swinging Strike 0-1: Swinging Strike 0-2: Ball 1-2: Ball 2-2: Strikes out swinging
|
Bottom of the 1st over - 0 run(s), 1 hit(s), 0 error(s), 1 left on base; New Hampshire 1 - Gainesville 0 |
TOP OF THE 2ND |
New Hampshire Fisher Cats batting - Pitching for Gainesville Guidos : LHP Dave Blackwell
|
Batting: LHB Cam Flowers
|
0-0: Called Strike 0-1: Fly out, F9 (Flyball, 89D)
|
Batting: RHB Benjamin Lawson
|
0-0: Foul Ball, location: 2F 0-1: Called Strike 0-2: Foul Ball, location: 2F 0-2: Ball 1-2: Foul Ball, location: 2F 1-2: Ball 2-2: Strikes out swinging
|
Batting: RHB Anthony Hezell
|
0-0: Ball 1-0: Called Strike 1-1: Ball 2-1: Ball 3-1: Swinging Strike 3-2: Strikes out swinging
|
Top of the 2nd over - 0 run(s), 0 hit(s), 0 error(s), 0 left on base; New Hampshire 1 - Gainesville 0 |
BOTTOM OF THE 2ND |
Gainesville Guidos batting - Pitching for New Hampshire Fisher Cats : LHP Paul Adams
|
Batting: RHB Kurt Walter
|
0-0: Ball 1-0: Called Strike 1-1: Ball 2-1: Ball 3-1: Base on Balls
|
Batting: LHB António Cedeńo
|
0-0: Fly out, F6 (Popup, 6)
|
Batting: RHB Juan Reyes
|
0-0: Ball 1-0: Ball 2-0: Foul Ball, location: 2F 2-1: Foul Ball, location: 2F 2-2: Foul Ball, location: 2F 2-2: Ball 3-2: Ground out 1-3 (Groundball, 34S) Kurt Walter to second
|
Batting: RHB José Ortega
|
0-0: Called Strike 0-1: Called Strike 0-2: SINGLE (Line Drive, 56D) Kurt Walter to third
|
Batting: RHB Lynn Ford
|
0-0: SINGLE (Line Drive, 4D) Kurt Walter scores José Ortega to second
|
Batting: RHB Kyle O'Day
|
0-0: Ball 1-0: Ball 2-0: Ball 3-0: Called Strike 3-1: Foul Ball, location: 2F 3-2: Base on Balls José Ortega to third Lynn Ford to second
|
Batting: RHB John Little
|
0-0: Ball 1-0: Ball 2-0: Ball 3-0: Called Strike 3-1: Base on Balls José Ortega scores Lynn Ford to third Kyle O'Day to second
|
Batting: LHB Ed Murray
|
0-0: Swinging Strike 0-1: Ball 1-1: SINGLE (Line Drive, 4M) Lynn Ford scores Kyle O'Day to third John Little to second Runner from 3rd tries for Home, SAFE, no throw or cutoff
|
Batting: LHB Mark Owens
|
0-0: Called Strike 0-1: Ball 1-1: Called Strike 1-2: Foul Ball, location: 2F 1-2: Ball 2-2: Strikes out swinging
|
Bottom of the 2nd over - 4 run(s), 3 hit(s), 0 error(s), 2 left on base; New Hampshire 1 - Gainesville 4 |
TOP OF THE 3RD |
New Hampshire Fisher Cats batting - Pitching for Gainesville Guidos : LHP Dave Blackwell
|
Batting: RHB Franklin Lawrence
|
0-0: Called Strike 0-1: Foul Ball, location: 2F 0-2: Ball 1-2: Ball 2-2: Strikes out swinging
|
Batting: RHB Albert Alemán
|
0-0: Foul Ball, location: 2F 0-1: Ball 1-1: Foul Ball, location: 2F 1-2: Strikes out swinging
|
Batting: LHB Tony Rivera
|
0-0: Swinging Strike 0-1: Ball 1-1: Called Strike 1-2: Ball 2-2: Strikes out looking
|
Top of the 3rd over - 0 run(s), 0 hit(s), 0 error(s), 0 left on base; New Hampshire 1 - Gainesville 4 |
BOTTOM OF THE 3RD |
Gainesville Guidos batting - Pitching for New Hampshire Fisher Cats : LHP Paul Adams
|
Batting: RHB Kurt Walter
|
0-0: Foul Ball, location: 2F 0-1: Ball 1-1: Foul Ball, location: 2F 1-2: Ball 2-2: Ground out 6-3 (Groundball, 6S)
|
Batting: LHB António Cedeńo
|
0-0: Ball 1-0: Called Strike 1-1: Ball 2-1: Foul Ball, location: 2F 2-2: Ball 3-2: Strikes out swinging
|
Batting: RHB Juan Reyes
|
0-0: Fly out, F1 (Popup, 23)
|
Bottom of the 3rd over - 0 run(s), 0 hit(s), 0 error(s), 0 left on base; New Hampshire 1 - Gainesville 4 |
TOP OF THE 4TH |
New Hampshire Fisher Cats batting - Pitching for Gainesville Guidos : LHP Dave Blackwell
|
Batting: RHB Michael Kent
|
0-0: Ball 1-0: Called Strike 1-1: Called Strike 1-2: Strikes out looking
|
Batting: RHB Felipe Rivas
|
0-0: Ball 1-0: Ball 2-0: Foul Ball, location: 2F 2-1: Foul Ball, location: 2F 2-2: Foul Ball, location: 2F 2-2: Strikes out swinging
|
Batting: RHB Si-xun Li
|
0-0: Ball 1-0: Fly out, F8 (Flyball, 8LXD)
|
Top of the 4th over - 0 run(s), 0 hit(s), 0 error(s), 0 left on base; New Hampshire 1 - Gainesville 4 |
BOTTOM OF THE 4TH |
Gainesville Guidos batting - Pitching for New Hampshire Fisher Cats : LHP Paul Adams
|
Batting: RHB José Ortega
|
0-0: Called Strike 0-1: Ball 1-1: Fly out, F6 (Line Drive, 56)
|
Batting: RHB Lynn Ford
|
0-0: Ball 1-0: DOUBLE (Flyball, 7LD)
|
Batting: RHB Kyle O'Day
|
0-0: SINGLE (Line Drive, 4D) Lynn Ford to third Runner from 3rd tries for Home, SAFE, no throw or cutoff
|
Batting: RHB John Little
|
0-0: Ball 1-0: Foul Ball, location: 2F 1-1: Ball 2-1: Ball 3-1: Base on Balls Kyle O'Day to second
|
Batting: LHB Ed Murray
|
0-0: Called Strike 0-1: Foul Ball, location: 2F 0-2: Ball 1-2: Fly out, F8 (Flyball, 8LS)
|
Batting: LHB Mark Owens
|
0-0: Fly out, F7 (Flyball, 8LS)
|
Bottom of the 4th over - 1 run(s), 2 hit(s), 0 error(s), 2 left on base; New Hampshire 1 - Gainesville 5 |
TOP OF THE 5TH |
New Hampshire Fisher Cats batting - Pitching for Gainesville Guidos : LHP Dave Blackwell
|
Batting: LHB Cam Flowers
|
0-0: Called Strike 0-1: Ball 1-1: Called Strike 1-2: Ball 2-2: Foul Ball, location: 2F 2-2: Ball 3-2: Ground out 4-3 (Groundball, 4)
|
Batting: RHB Benjamin Lawson
|
0-0: Ball 1-0: Swinging Strike 1-1: Foul Ball, location: 2F 1-2: Foul Ball, location: 2F 1-2: Ball 2-2: Strikes out swinging
|
Batting: RHB Anthony Hezell
|
0-0: Reached on error, E5 (Groundball, 56)
|
Batting: RHB Franklin Lawrence
|
0-0: Swinging Strike 0-1: Called Strike 0-2: Ball 1-2: Strikes out swinging
|
Top of the 5th over - 0 run(s), 0 hit(s), 1 error(s), 1 left on base; New Hampshire 1 - Gainesville 5 |
BOTTOM OF THE 5TH |
Gainesville Guidos batting - Pitching for New Hampshire Fisher Cats : LHP Paul Adams
|
Batting: RHB Kurt Walter
|
0-0: Called Strike 0-1: Foul Ball, location: 2F 0-2: Fly out, F2 (Popup, 2LF)
|
Batting: LHB António Cedeńo
|
0-0: Called Strike 0-1: Ground out 4-3 (Groundball, 4M)
|
Batting: RHB Juan Reyes
|
0-0: Ball 1-0: Swinging Strike 1-1: Foul Ball, location: 2F 1-2: Ball 2-2: Foul Ball, location: 2F 2-2: Strikes out swinging
|
Bottom of the 5th over - 0 run(s), 0 hit(s), 0 error(s), 0 left on base; New Hampshire 1 - Gainesville 5 |
TOP OF THE 6TH |
New Hampshire Fisher Cats batting - Pitching for Gainesville Guidos : LHP Dave Blackwell
|
Batting: RHB Albert Alemán
|
0-0: Ball 1-0: Ball 2-0: Ball 3-0: Base on Balls
|
Batting: LHB Tony Rivera
|
0-0: Ball 1-0: Called Strike 1-1: Foul Ball, location: 2F 1-2: Strikes out swinging
|
Batting: RHB Michael Kent
|
0-0: Called Strike 0-1: Foul Ball, location: 2F 0-2: Strikes out swinging
|
Batting: RHB Felipe Rivas
|
0-0: Ball 1-0: Hit by Pitch Albert Alemán to second
|
Batting: RHB Si-xun Li
|
0-0: Swinging Strike 0-1: Ball 1-1: Ball 2-1: DOUBLE (Flyball, 8RD) Albert Alemán scores Felipe Rivas to third Runner from 3rd tries for Home, SAFE, no throw or cutoff
|
Pitching: RHP Josh Higgins
|
|
Batting: LHB Cam Flowers
|
0-0: Ball 1-0: Ball 2-0: Ball 3-0: Base on Balls
|
Batting: RHB Benjamin Lawson
|
0-0: Swinging Strike 0-1: Ball 1-1: Swinging Strike 1-2: Fielders Choice at 2nd, 6-4 (Groundball, 6)
|
Top of the 6th over - 2 run(s), 1 hit(s), 0 error(s), 1 left on base; New Hampshire 3 - Gainesville 5 |
BOTTOM OF THE 6TH |
Gainesville Guidos batting - Pitching for New Hampshire Fisher Cats : LHP Paul Adams
|
Batting: RHB José Ortega
|
0-0: Fly out, F8 (Line Drive, 89D)
|
Pitching: RHP Jesús Ortíz
|
|
Batting: RHB Lynn Ford
|
0-0: Foul Ball, location: 2F 0-1: Swinging Strike 0-2: Foul Ball, location: 2F 0-2: Strikes out looking
|
Batting: RHB Kyle O'Day
|
0-0: Foul Ball, location: 2F 0-1: Fly out, F7 (Line Drive, 8LD)
|
Bottom of the 6th over - 0 run(s), 0 hit(s), 0 error(s), 0 left on base; New Hampshire 3 - Gainesville 5 |
TOP OF THE 7TH |
New Hampshire Fisher Cats batting - Pitching for Gainesville Guidos : RHP Josh Higgins
|
Batting: RHB Anthony Hezell
|
0-0: Called Strike 0-1: Ball 1-1: Swinging Strike 1-2: Ball 2-2: Ball 3-2: Base on Balls
|
Batting: RHB Franklin Lawrence
|
0-0: Ball 1-0: Swinging Strike 1-1: Ball 2-1: Ball 3-1: Base on Balls Anthony Hezell to second
|
Batting: RHB Albert Alemán
|
0-0: Ball 1-0: Bunt missed! 1-1: Sac Bunt - play at first, batter OUT! 1-4 Anthony Hezell to third Franklin Lawrence to second
|
Batting: LHB Tony Rivera
|
0-0: Ball 1-0: Called Strike 1-1: Called Strike 1-2: SINGLE (Line Drive, 4D) Anthony Hezell scores Franklin Lawrence to third Runner from 3rd tries for Home, SAFE, no throw or cutoff
|
Batting: RHB Michael Kent
|
0-0: Called Strike 0-1: Called Strike 0-2: Ball 1-2: Fielders Choice at 2nd, 1-6 (Groundball, 15S)
|
Batting: RHB Felipe Rivas
|
0-0: Ball 1-0: Ball 2-0: DOUBLE (Line Drive, 3D) Michael Kent to third
|
Batting: RHB Si-xun Li
|
0-0: Called Strike 0-1: Ball 1-1: Ball 2-1: Foul Ball, location: 2F 2-2: Ball 3-2: Base on Balls
|
Batting: LHB Cam Flowers
|
0-0: Ball 1-0: Called Strike 1-1: Ground out 4-3 (Groundball, 4)
|
Top of the 7th over - 2 run(s), 2 hit(s), 0 error(s), 3 left on base; New Hampshire 5 - Gainesville 5 |
BOTTOM OF THE 7TH |
Gainesville Guidos batting - Pitching for New Hampshire Fisher Cats : RHP Jesús Ortíz
|
Batting: RHB John Little
|
0-0: Swinging Strike 0-1: Swinging Strike 0-2: Ground out 4-3 (Groundball, 4)
|
Batting: LHB Ed Murray
|
0-0: Fly out, F7 (Flyball, 78S)
|
Batting: LHB Mark Owens
|
0-0: Called Strike 0-1: Ground out 4-3 (Groundball, 4)
|
Bottom of the 7th over - 0 run(s), 0 hit(s), 0 error(s), 0 left on base; New Hampshire 5 - Gainesville 5 |
TOP OF THE 8TH |
New Hampshire Fisher Cats batting - Pitching for Gainesville Guidos : RHP Josh Higgins
|
Pitching: RHP Marlon Ryan
|
|
Batting: RHB Benjamin Lawson
|
0-0: Ball 1-0: Foul Ball, location: 2F 1-1: Ball 2-1: Foul Ball, location: 2F 2-2: Ball 3-2: Base on Balls
|
Batting: RHB Anthony Hezell
|
0-0: Ball 1-0: Ball 2-0: Swinging Strike 2-1: Called Strike 2-2: Foul Ball, location: 2F 2-2: Foul Ball, location: 2F 2-2: Strikes out swinging Benjamin Lawson steals 2nd base Batter strikes out.
|
Batting: RHB Franklin Lawrence
|
0-0: Called Strike 0-1: Called Strike 0-2: SINGLE (Flyball, 7LS) Benjamin Lawson to third Runner from 3rd tries for Home, SAFE, no throw or cutoff
|
Batting: RHB Albert Alemán
|
0-0: Called Strike 0-1: DOUBLE (Flyball, 78XD) Franklin Lawrence to third
|
Batting: LHB Tony Rivera
|
0-0: Swinging Strike 0-1: Fly out, F7 (Flyball, 78M) 0-1: Lined into DP, 7-4 (Flyball, 78M)
|
Top of the 8th over - 1 run(s), 2 hit(s), 0 error(s), 1 left on base; New Hampshire 6 - Gainesville 5 |
BOTTOM OF THE 8TH |
Gainesville Guidos batting - Pitching for New Hampshire Fisher Cats : RHP Jesús Ortíz
|
Now at C: Tim Robertson
|
|
Batting: RHB Kurt Walter
|
0-0: Called Strike 0-1: Called Strike 0-2: SINGLE (Groundball, 56)
|
Pitching: LHP Artie Nelson
|
|
Batting: LHB António Cedeńo
|
0-0: Ball 1-0: Ball 2-0: Fly out, F4 (Popup, 34D)
|
Pitching: RHP Dave Hammond
|
|
Pinch Hitting: LHB Eddy Jefferson
|
0-0: Ball 1-0: Called Strike 1-1: Ball 2-1: DOUBLE (Line Drive, 9LS) Kurt Walter to third Runner from 3rd tries for Home, SAFE, throw made home
|
Batting: RHB José Ortega
|
0-0: Called Strike 0-1: Foul Ball, location: 2F 0-2: Foul Ball, location: 2F 0-2: Ball 1-2: Foul Ball, location: 2F 1-2: Strikes out swinging
|
Pinch Hitting: RHB Alfredo Díaz
|
0-0: DOUBLE (Flyball, 89S) Eddy Jefferson scores
|
Batting: RHB Kyle O'Day
|
0-0: Called Strike 0-1: Ground out 4-3 (Groundball, 4)
|
Bottom of the 8th over - 2 run(s), 3 hit(s), 0 error(s), 1 left on base; New Hampshire 6 - Gainesville 7 |
TOP OF THE 9TH |
New Hampshire Fisher Cats batting - Pitching for Gainesville Guidos : RHP Marlon Ryan
|
Pitching: LHP Mike Scott
|
|
Now at C: Scott Young
|
|
Now at 1B: Doug Coleman
|
|
Now at 3B: Will Evans
|
|
Now at SS: Júlio Galló
|
|
Now in LF: Eddy Jefferson
|
|
Now in CF: Mark McDonald
|
|
Batting: RHB Michael Kent
|
0-0: Swinging Strike 0-1: Ball 1-1: Ball 2-1: Called Strike 2-2: Strikes out swinging
|
Batting: RHB Felipe Rivas
|
0-0: Foul Ball, location: 2F 0-1: Fly out, F9 (Flyball, 9D)
|
Batting: RHB Si-xun Li
|
0-0: Ball 1-0: Foul Ball, location: 2F 1-1: Swinging Strike 1-2: Strikes out swinging
|
Top of the 9th over - 0 run(s), 0 hit(s), 0 error(s), 0 left on base; New Hampshire 6 - Gainesville 7 |
|